 Dungeon Crawl Stone Soup version 0.30-a0-49-g1cef19eb02 (webtiles) character file.

Game seed: 18294696159390038283

26309 LnG the Severer (level 13, -2/117 HPs)
             Began as a Hill Orc Fighter on Sept 2, 2022.
             Was the Champion of Uskayaw.
             Slain by a vault guard
             ... wielding a +0 great sword
              (10 damage)
             ... on level 13 of the Dungeon.
             The game lasted 01:09:53 (16714 turns).

LnG the Severer (Hill Orc Fighter)                 Turns: 16714, Time: 01:09:53

Health: -2/117     AC: 19    Str: 24    XL:     13   Next: 25%
Magic:  0/13       EV: 14    Int: 12    God:    Uskayaw [******]
Gold:   965        SH: 12    Dex: 15    Spells: 12/12 levels left

rFire   + . .      SeeInvis .    e - +6 war axe of Keomimyq {speed, Fragile Int+4 Dex+5}
rCold   . . .      Faith    .    u - +1 kite shield of Zephuzeb {+Inv rF+}
rNeg    . . .      Spirit   +    b - +0 scale mail
rPois   .          Reflect  .    o - +2 helmet
rElec   .          Harm     .    s - +2 cloak
rCorr   +          Rampage  .    Q - +1 pair of gloves of Loshagoa {Slay+3}
Will    .....                    c - +0 pair of boots
Stlth   ++........               q - amulet of guardian spirit
HPRegen 0.29/turn                K - ring of resist corrosion
MPRegen 0.13/turn                y - +4 ring of evasion

@: about to teleport
A: no striking features
a: Renounce Religion, Evoke Invisibility, Stomp, Line Pass, Grand Finale


You were on level 13 of the Dungeon.
You worshipped Uskayaw.
Uskayaw was noncommittal.
You visited 3 branches of the dungeon, and saw 16 of its levels.

You collected 978 gold pieces.
You spent 13 gold pieces at shops.

Inventory:

Hand Weapons
 a - a +0 war axe
 d - the +10 quarterstaff "Yxuhily" {drain, Will+ Str+2}
   (You found it on level 11 of the Dungeon)

   A truly terrible weapon, it drains the life of any living foe it strikes.
   Str:       It affects your strength (+2).
   Will:      It increases your willpower.
 e - the +6 war axe of Keomimyq (weapon) {speed, Fragile Int+4 Dex+5}
   (You acquired it on level 1 of the Dungeon)

   Attacks with this weapon are significantly faster.
   Int:       It affects your intelligence (+4).
   Dex:       It affects your dexterity (+5).
   Fragile:   It will be destroyed if unequipped.
 z - a +4 dire flail of protection
Missiles
 x - 4 boomerangs (quivered)
 U - a throwing net
Armour
 b - a +0 scale mail (worn)
 c - a +0 pair of boots (worn)
 o - a +2 helmet (worn)
 s - a +2 cloak (worn)
 u - the +1 kite shield of Zephuzeb (worn) {+Inv rF+}
   (You found it on level 5 of the Dungeon)

   rF:        It protects you from fire.
   +Inv:      It lets you turn invisible.
 Q - the +1 pair of gloves of Loshagoa (worn) {Slay+3}
   (You found it on level 12 of the Dungeon)

   Slay:      It affects your accuracy & damage with ranged weapons and melee
   (+3).
Jewellery
 k - a ring of flight
 q - an amulet of guardian spirit (around neck)
 y - a +4 ring of evasion (right hand)
 A - an amulet of the acrobat
 K - a ring of resist corrosion (left hand)
 O - a +6 ring of intelligence
Wands
 w - a wand of iceblast (10)
 C - a wand of polymorph (9)
 H - a wand of charming (6)
 I - a wand of flame (33)
 S - a wand of acid (2)
 V - a wand of mindburst (10)
Scrolls
 g - 4 scrolls of poison
 h - 7 scrolls of teleportation
 n - 2 scrolls of immolation
 r - a scroll of magic mapping
 v - 3 scrolls of blinking
 D - a scroll of silence
 E - 2 scrolls of noise {unknown}
 F - a scroll of amnesia {unknown}
 J - a scroll of butterflies {unknown}
 N - a scroll of enchant weapon {unknown}
 R - 2 scrolls of fear {unknown}
 T - a scroll of identify
Potions
 f - 7 potions of curing
 i - 4 potions of brilliance
 j - 2 potions of lignification
 l - 2 potions of resistance
 m - 3 potions of berserk rage
 p - 2 potions of magic
 t - 4 potions of heal wounds
 B - 2 potions of attraction
 G - a potion of haste
 L - a potion of cancellation {unknown}
 M - a potion of mutation {unknown}
 P - 2 potions of flight {unknown}


   Skills:
 + Level 11.9 Fighting
 + Level 17.3 Axes
 + Level 1.2 Throwing
 + Level 10.4 Armour
 + Level 3.5 Dodging
 + Level 6.9 Stealth
 + Level 9.3 Shields
 + Level 0.6 Evocations


You had 12 spell levels left.
You didn't know any spells.
Your spell library contained the following spells:

 Spells                   Type           Power      Damage    Failure   Level
 Magic Dart               Conj           0%         1d3       85%         1
 Searing Ray              Conj           0%         2d4       94%         2
 Static Discharge         Conj/Air       0%         3-3/arc   94%         2
 Dazzling Flash           Conj/Hex       0%         N/A       99%         3
 Fulminant Prism          Conj/Hex       0%         3d6       100%        4
 Hailstorm                Conj/Ice       0%         3d3       100%        4
 Ice Form                 Ice/Tmut       0%         N/A       100%        4
 Agony                    Necr           0%         N/A       100%        5
 Fireball                 Conj/Fire      0%         3d3       100%        5
 Lightning Bolt           Conj/Air       0%         1d11      100%        5
 Silence                  Hex/Air        0%         N/A       100%        5
 Simulacrum               Ice/Necr       0%         N/A       100%        6
 Starburst                Conj/Fire      0%         6d3       100%        6
 Ignition                 Fire           0%         3d3       100%        8
 Maxwell's Capacitive Co  Air            0%         ∞         100%        8
 Chain Lightning          Conj/Air       0%         N/A       100%        9
 Fire Storm               Conj/Fire      0%         5d1       100%        9
 Shatter                  Erth           0%         3d5*      100%        9


Dungeon Overview and Level Annotations

Branches:
Dungeon (13/15)            Temple (1/1) D:7            Lair (2/5) D:10
    Orc (0/2) D:12
  Swamp: Lair:2-3    Shoals: Lair:2-3     Snake: Lair:2-3    Spider: Lair:2-3
 Vaults: D:13-14

Altars:
Ashenzari
Cheibriados
Dithmenos
Fedhas
Gozag
Hepliaklqana
Makhleb
Nemelex Xobeh
Okawaru
Qazlal
Ru
Sif Muna
Trog
Uskayaw
Vehumet
Wu Jian
Xom
Zin
The Shining One

Shops:
D:2 [   D:4 :*[   D:9 [   D:10 :   D:11 [

Annotations:
D:6 1 runed translucent door, logorrheac's ghost, novice GnWn


Message History

The vault guard misses you.
The shadow slips into darkness.
The shadow flickers and vanishes!
Items here: ( )) †.
You slash the vault guard!
The vault guard is moderately wounded.
You slash something!
Reactivating autopickup.
You feel a bit more experienced.
You hit the vault guard but do no damage. x2
You block the vault guard's attack. x2
The vault guard hits you with a +3 antimagic great mace.
You feel your power leaking away.
You hit the vault guard.
The vault guard is moderately wounded.
You barely miss the vault guard. You hit the vault guard.
You block the vault guard's attack.
The vault guard hits you but does no damage.
The vault guard misses you.
You slash the vault guard!
The vault guard is heavily wounded.
You hit the vault guard but do no damage.
You completely miss the vault guard. You hit the vault guard.
The vault guard is heavily wounded.
You slash something!
You hit the vault guard but do no damage.
You hit the vault guard.
The vault guard hits you with a +0 great sword!
* * * LOW HITPOINT WARNING * * *
The rakshasa blinks!
The vault guard hits you with a +3 antimagic great mace.
* * * LOW HITPOINT WARNING * * *
You block the vault guard's attack.
As you read the scroll of teleportation, it crumbles to dust.
You feel strangely unstable.
The vault guard hits you with a +0 great mace!!
* * * LOW HITPOINT WARNING * * *
The vault guard hits you with a +0 great sword!
You die...

#..........#........ ..
#..........###.....# ...
#....§.....####...##
....#............#.....#
....#..........#........
≈........≈..~~###..)....
....R..).)..~~# ##.....#
.§.....$.....## #.###..
.≈§....@p......# ####...
.§....ppp......# #....
##.....{.##....# #....
##.$.§)####...# #....
##...## #..# ##... ##'#
..# ##.. .. .# #.# #..
###


You could see 4 vault guards and a rakshasa.

Vanquished Creatures
  2 boulder beetles
  3 centaur warriors (D:13)
  4 two-headed ogres
  Erica (Lair:2)
  A goliath frog (D:11)
  Amaemon (Lair:1)
  3 deep elf pyromancers
  2 cyclopes (D:12)
  3 slime creatures (D:13)
  An ugly thing (D:13)
  A black mamba (Lair:1)
  An orange demon (Lair:1)
  2 gargoyles
  5 kobold demonologists
  2 komodo dragons (Lair:1)
  2 trolls
  Prince Ribbit (D:9)
  A hornet (D:7)
  3 blink frogs (Lair:2)
  A wraith (D:13)
  A wyvern (D:10)
  A vampire (D:13)
  25 yaks
  A basilisk (D:12)
  3 vampire mosquitoes (D:11)
  3 steam dragons
  Grum (D:11)
  Edmund (D:6)
  4 wargs
  9 water moccasins
  An acid dragon (D:12)
  4 sky beasts
  3 orc warriors
  3 ice beasts
  3 ogres
  2 black bears
  7 wolves
  3 centaurs
  Blork the orc (D:5)
  6 kobold brigands
  6 bullfrogs
  A gnoll sergeant (D:12)
  A necrophage (D:5)
  12 wights
  9 killer bees
  An electric eel (D:13)
  4 howler monkeys
  A jelly (D:4)
  2 hounds
  A gnoll bouda (D:3)
  6 orc priests
  3 iguanas
  14 orc wizards
  8 gnolls
  3 adders
  A white imp (D:7)
  2 worms (D:2)
  4 dart slugs
  49 orcs
  8 bats
  7 endoplasms
  2 giant cockroaches (D:2)
  10 goblins
  7 hobgoblins
  26 kobolds
  3 quokkas
  7 ball pythons
  3 frilled lizards
  5 rats
328 creatures vanquished.

Vanquished Creatures (others)
  2 wolves (D:11)
  5 fungi
  4 plants
  2 withered plants (D:6)
13 creatures vanquished.

Grand Total: 341 creatures vanquished

Notes
Turn   | Place    | Note
-------+----------+-------------------------------------------
     0 | D:1      | LnG the Hill Orc Fighter began the quest for the Orb.
     0 | D:1      | Reached XP level 1. HP: 19/19 MP: 1/1
    93 | D:1      | Reached XP level 2. HP: 26/27 MP: 2/2
   201 | D:1      | Reached skill level 3 in Axes
   823 | D:1      | Found a faded altar of an unknown god.
   843 | D:1      | Identified a scroll of acquirement
   844 | D:1      | Acquired the +6 war axe of Keomimyq {speed, Fragile Int+4
                  | Dex+5}
   889 | D:2      | Reached XP level 3. HP: 33/33 MP: 3/3
  1103 | D:2      | Found Gyugapro's Armour Emporium.
  1227 | D:2      | Reached skill level 4 in Axes
  1315 | D:2      | Reached XP level 4. HP: 40/40 MP: 4/4
  1782 | D:3      | Reached skill level 5 in Axes
  1784 | D:3      | Reached XP level 5. HP: 43/47 MP: 5/5
  2569 | D:3      | Reached skill level 6 in Axes
  2569 | D:3      | Reached XP level 6. HP: 36/55 MP: 6/6
  3219 | D:4      | Found Julidex's General Store.
  3236 | D:4      | Bought a potion of degeneration for 13 gold pieces
  3301 | D:4      | Found Ejunoir's Armour Shoppe.
  3499 | D:4      | Noticed a black bear
  3506 | D:4      | Killed a black bear
  3507 | D:4      | Reached skill level 5 in Fighting
  4109 | D:4      | Found Karurig's Book Shoppe.
  4174 | D:5      | Entered Level 5 of the Dungeon
  4262 | D:5      | Reached skill level 7 in Axes
  4262 | D:5      | Reached XP level 7. HP: 52/61 MP: 7/7
  4540 | D:5      | Identified the +1 kite shield of Zephuzeb {+Inv rF+}
  4637 | D:5      | Reached skill level 5 in Armour
  4754 | D:5      | Noticed Blork the orc
  4776 | D:5      | Killed Blork the orc
  4777 | D:5      | Reached skill level 8 in Axes
  4891 | D:6      | Noticed logorrheac's ghost (novice GnWn)
  4891 | D:6      | Found a runed translucent door.
  4992 | D:5      | Found a sacrificial altar of Ru.
  4998 | D:5      | Reached XP level 8. HP: 58/69 MP: 6/8
  5050 | D:5      | Found a broken altar of Ashenzari.
  5559 | D:6      | Reached skill level 9 in Axes
  5559 | D:6      | Reached skill level 1 in Dodging
  5587 | D:6      | Noticed Edmund
  5616 | D:6      | Killed Edmund
  5904 | D:6      | Reached skill level 10 in Axes
  6138 | D:6      | Found a shimmering altar of Xom.
  6184 | D:5      | Reached XP level 9. HP: 65/78 MP: 7/9
  6378 | D:6      | Reached skill level 5 in Shields
  6506 | D:6      | Reached skill level 11 in Axes
  6849 | D:7      | Found a staircase to the Ecumenical Temple.
  6854 | Temple   | Entered the Ecumenical Temple
  6881 | Temple   | Became a worshipper of Uskayaw the Reveller
  6986 | D:7      | Reached * piety under Uskayaw
  6988 | D:7      | Reached ** piety under Uskayaw
  7015 | D:7      | Reached *** piety under Uskayaw
  7068 | D:7      | Reached **** piety under Uskayaw
  7314 | D:7      | Noticed a hornet
  7321 | D:7      | Killed a hornet
  7322 | D:7      | Reached skill level 1 in Stealth
  7402 | D:7      | Reached skill level 12 in Axes
  7939 | D:8      | Reached ***** piety under Uskayaw
  8013 | D:8      | Reached XP level 10. HP: 86/86 MP: 10/10
  8187 | D:8      | Reached skill level 13 in Axes
  8858 | D:9      | Reached ****** piety under Uskayaw
  8938 | D:9      | Reached skill level 14 in Axes
  9378 | D:9      | Noticed Prince Ribbit
  9389 | D:9      | Killed Prince Ribbit
  9588 | D:9      | Found Keoxkul's Specialty Armours.
  9678 | D:9      | Found a bloodstained altar of Trog.
  9791 | D:10     | Entered Level 10 of the Dungeon
  9791 | D:10     | Found a staircase to the Lair.
  9988 | D:10     | Found a sparkling altar of Nemelex Xobeh.
 10036 | D:10     | Found Oqiopp's Book Shop.
 10104 | D:10     | Reached XP level 11. HP: 84/95 MP: 11/11
 10115 | D:10     | Reached skill level 15 in Axes
 10207 | D:10     | Noticed a two-headed ogre
 10213 | D:10     | Killed a two-headed ogre
 10532 | D:10     | Found an opulent altar of Gozag.
 10765 | D:11     | Identified the +10 quarterstaff "Yxuhily" {drain, Will+
                  | Str+2}
 11018 | D:11     | Found Seoq's Antique Armour Emporium.
 11142 | D:11     | Noticed a boulder beetle
 11297 | D:11     | Identified the +5 scale mail of Dishonesty {Rampage Str+4}
 11297 | D:11     | Noticed Grum
 11301 | D:11     | Noticed a bunyip
 11301 | D:11     | a boulder beetle changed into a bunyip
 11741 | D:11     | Noticed a goliath frog
 11741 | D:11     | a bunyip changed into a goliath frog
 11746 | D:11     | Killed a goliath frog
 11821 | D:11     | Killed Grum
 11959 | D:11     | Noticed a boulder beetle
 11994 | D:11     | Killed a boulder beetle
 11995 | D:11     | Reached skill level 16 in Axes
 12756 | D:12     | Found a staircase to the Orcish Mines.
 12763 | D:12     | Reached skill level 10 in Fighting
 12776 | D:12     | Noticed a deep elf pyromancer
 12787 | D:12     | Killed a deep elf pyromancer
 12800 | D:12     | Noticed a two-headed ogre
 13101 | D:12     | Noticed a cyclops
 13108 | D:12     | Killed a cyclops
 13109 | D:12     | Reached XP level 12. HP: 75/106 MP: 7/12
 13504 | D:12     | Noticed a boulder beetle
 13522 | D:12     | Killed a boulder beetle
 13655 | D:12     | Identified the +1 pair of gloves of Loshagoa {Slay+3}
 13797 | D:12     | Noticed a two-headed ogre
 13812 | D:12     | Killed a two-headed ogre
 13981 | D:12     | Killed a two-headed ogre
 13982 | D:12     | Reached skill level 5 in Stealth
 14221 | Lair:1   | Entered Level 1 of the Lair of Beasts
 14416 | Lair:1   | Noticed Amaemon
 14461 | Lair:1   | Killed Amaemon
 15650 | Lair:2   | Noticed Erica
 15655 | Lair:2   | Killed Erica
 15691 | Lair:2   | Reached skill level 17 in Axes
 15697 | Lair:2   | Noticed a four-headed hydra
 15863 | D:13     | Noticed a centaur warrior
 16036 | D:13     | Killed a centaur warrior
 16319 | D:13     | Noticed a centaur warrior
 16332 | D:13     | Killed a centaur warrior
 16333 | D:13     | Reached skill level 10 in Armour
 16466 | D:13     | Reached XP level 13. HP: 115/116 MP: 13/13
 16480 | D:13     | Reached skill level 1 in Throwing
 16697 | D:13     | Noticed a rakshasa
 16697 | D:13     | Noticed a vault guard
 16697 | D:13     | Noticed a vault guard
 16699 | D:13     | Noticed a vault guard
 16702 | D:13     | Noticed a vault guard
 16714 | D:13     | Slain by a vault guard

Illustrated notes

Levels and vault maps discovered:
D:1:      lightli_arrival_quake, layout_basic, shapermc_ecumenical_altar_petra
D:2:      layout_rooms, serial_shops, nicolae_shop_stone,
          nicolae_elevator_lobby_asterisk
D:3:      layout_loops_ring
D:4:      layout_loops_cross, serial_shops, shop, nicolae_inconvenience_store,
          shop, grunt_decor_cap, patterned_corridor
D:5:      layout_loops_ring, chequers_temple_overflow_statue_of_worship,
          uniq_blork_the_orc
D:6:      layout_cave_pools, nicolae_overflow_hidden_temple,
          gammafunk_ghost_grave, uniq_edmund
D:7:      layout_cave_pools, temple_doors_e
D:8:      layout_loops_cross
D:9:      layout_roguey, mainiacjoe_overflow_24_doors, nicolae_barding_shop,
          uniq_prince_ribbit1
D:10:     layout_long_grid, mainiacjoe_overflow_concentric_impassable,
          nicolae_gozag_seed_capital, lair_entry_dummy, serial_shops,
          nicolae_diamond_shop
D:11:     layout_loops_ring, serial_shops, shop, lemuel_old_faithful, uniq_grum
D:12:     layout_cave_pools, minmay_orc_entry_guard_dogs, hangedman_misty_isle
D:13:     nicolae_cairo_tiling_large_dashed, layout_basic,
          lightli_vaults_fourway_checkpoint, water_maze_lemuel
Temple:   eino_temple_rhombus
Lair:1:   layout_hall_layers, uniq_amaemon
Lair:2:   layout_long_grid, swamp_mist_pool,
          hellmonk_spider_entry_life_and_decay, grunt_megastairs_1, uniq_erica,
          uniq_maggie

Skill      XL: |  1  2  3  4  5  6  7  8  9 10 11 12 13 |
---------------+----------------------------------------+-----
Axes           | 3 4 5 6 7 8 10 12 14 16 17 | 17.3
Fighting       | 4 5 6 7 8 10 11 | 11.9
Shields        | 4 6 8 9 |  9.3
Armour         | 4 5 6 7 8 10 | 10.4
Dodging        | 1 2 3 |  3.5
Stealth        | 1 3 4 6 |  6.9
Throwing       | 1 |  1.2
Evocations     | |  0.6

Action                   |  1- 3 |  4- 6 |  7- 9 | 10-12 | 13-15 || total
-------------------------+-------+-------+-------+-------+-------++-------
Melee: War axe           |    87 |   117 |   247 |   494 |    47 ||   992
Throw: Boomerang         |       |       |       |    10 |       ||    10
Evoke: Wand              |       |       |       |     4 |       ||     4
  Use: Scroll            |     4 |     3 |     3 |    12 |     1 ||    23
       Potion            |       |       |       |     1 |       ||     1
 Stab: Paralysed         |       |       |     5 |    37 |     5 ||    47
       Sleeping          |       |       |       |     4 |       ||     4
Armor: Scale mail        |    29 |    21 |    39 |   104 |    21 ||   214
Dodge: Dodged            |    31 |    35 |    68 |   150 |    15 ||   299
Block: Buckler           |    12 |    25 |       |       |       ||    37
       Kite shield       |       |       |    85 |   179 |    17 ||   281

Table legend: (Time is in decaauts)
 A = Elapsed time spent in this place.
 B = Non-inter-level travel time spent in this place.
 C = Inter-level travel time spent in this place.
 D = Time resting spent in this place.
 E = Time spent auto-exploring this place.
 F = Levels seen in this place.
 G = Mean time per level.
                   A        B        C        D        E       F      G
               +--------+--------+--------+--------+--------+-----+--------+
         Total |  16481 |  15748 |    733 |   3507 |   4837 |  16 | 1030.1 |
       Dungeon |  14847 |  14253 |    594 |   3467 |   4332 |  13 | 1142.1 |
        Temple |    106 |     28 |     78 |      0 |      0 |   1 |  106.0 |
          Lair |   1527 |   1466 |     61 |     40 |    505 |   2 |  763.5 |
               +--------+--------+--------+--------+--------+-----+--------+

Top non-repeatable levels by time:
    D:11: 1952 daAuts
     D:5: 1481 daAuts
    D:10: 1355 daAuts
  Lair:1: 1259 daAuts
    D:12: 1240 daAuts
     D:6: 1146 daAuts
     D:4: 1127 daAuts
     D:2: 1088 daAuts
     D:3: 1058 daAuts
     D:9: 1040 daAuts
     D:7: 902 daAuts
     D:1: 898 daAuts
     D:8: 869 daAuts
    D:13: 686 daAuts
  Lair:2: 267 daAuts
